 Seeded DCSS version 0.30.1-3-gfc49f6343a (webtiles) character file.

Game seed: 12890419957466297766 (custom seed)

9 OTABOTABOTAB the Stinger (level 2, 22/22 HPs)
             Began as a Naga Venom Mage on July 29, 2023.
             Quit the game on level 1 of the Dungeon.
             The game lasted 00:01:54 (489 turns).

OTABOTABOTAB the Stinger (Naga Venom Mage)           Turns: 489, Time: 00:01:54

Health: 22/22      AC:  7    Str: 10    XL:     2   Next: 16%
Magic:  2/5        EV:  9    Int: 15    God:
Gold:   18         SH:  0    Dex: 11    Spells: 4/5 levels left

rFire   . . .        c - +0 whip
rCold   . . .        (no shield)
rNeg    . . .        a - +0 robe
rPois   +            (no helmet)
rElec   .            (no cloak)
rCorr   .            e - +1 pair of gloves
SInv    +            (no barding)
Will    .....        (no amulet)
Stlth   ++           A - +4 ring of protection
HPRegen 0.23/turn    (no ring)
MPRegen 0.09/turn

%: no passive effects
@: very slow
A: AC +0, large, see invisible, deformed body, poison resistance, slowness 2,
spit poison 1, naga tail 1
a: Spit Poison


You were on level 1 of the Dungeon.
You visited 1 branch of the dungeon, and saw 1 of its levels.

You collected 18 gold pieces.

Inventory:

Hand Weapons
 c - a +0 whip (weapon)
   (You took it off a kobold on level 1 of the Dungeon)
Missiles
 s - 16 stones
Armour
 a - a +0 robe (worn)
 e - a +1 pair of gloves (worn)
   (You found it on level 1 of the Dungeon)
Jewellery
 A - a +4 ring of protection (left hand)
   (You found it on level 1 of the Dungeon)
Scrolls
 b - a scroll of fog {unknown}
 d - a scroll of poison {unknown}
Potions
 M - a potion of magic


   Skills:
 - Level 1.5 Dodging
 + Level 3.3 Stealth
 + Level 2.1 Spellcasting
 + Level 1.3 Transmutations
 + Level 4.2 Poison Magic


You had 4 spell levels left.
You knew the following spells:

 Your Spells              Type           Power      Damage    Failure   Level
a - Sting                 Tmut/Pois      40%        1d5       7%          1

Your spell library contained the following spells:

 Spells                   Type           Power      Damage    Failure   Level
 Poisonous Vapours        Pois/Air       16%        N/A       14%         2
 Mephitic Cloud           Conj/Pois/Air  5%         N/A       36%         3
 Olgreb's Toxic Radiance  Pois           14%        N/A       36%         4


Dungeon Overview and Level Annotations

Branches:
Dungeon (1/15)

Altars:


Innate Abilities, Weirdness & Mutations

Your serpentine skin is tough. (AC +0)
You have supernaturally acute eyesight. (SInv)
Armour fits poorly on your strangely shaped body.
Your system is resistant to poisons. (rPois)
You cover ground very slowly.
You can spit poison.
You have a snake-like lower body.


Message History

Nothing appears to happen.
A ball python comes into view.
You now have 2/3 mp.
Press: ? - help, Q - select action, (/) - cycle Shift-Dir - straight line, f/p - kobold
Aim: a kobold, wielding a +0 whip and quivering stones (60% to hit)
The sting misses the kobold.
The kobold throws a stone.
The stone closely misses you.
You now have 1/3 mp.
Press: ? - help, Q - select action, (/) - cycle Shift-Dir - straight line, f/p - kobold
Aim: a kobold, wielding a +0 whip and quivering stones (60% to hit)
The sting hits the kobold but does no damage.
The kobold is poisoned.
You now have 0/3 mp.
The kobold attacks as you move away! The kobold hits you with a +0 whip.
You kill the kobold!
You take 4 damage, and have 11/15 hp.
MASSIVE DAMAGE!!
Your magical contamination has completely faded away.
There is an open door here.
You hit the ball python.
The ball python bites you but does no damage.
The ball python barely misses you.
You closely miss the ball python.
The ball python bites you but does no damage.
You hit the ball python. The ball python barely misses you.
Press: ? - help, Q - select action, (/) - cycle Shift-Dir - straight line, f - ball python
Aim: a ball python (severely wounded, 64% to hit)
The sting misses the ball python.
The ball python bites you.
You take 1 damage, and have 13/15 hp.
You now have 0/3 mp.
You closely miss the ball python.
The ball python bites you but does no damage.
You hit the ball python.
You kill the ball python!
Health restored: 15
c - a +0 whip;
s - 16 stones (gained 3)
You see here a kobold corpse.
c - a +0 whip (weapon)
A ball python comes into view.
MP restored: 3 The sting hits the ball python.
The ball python is poisoned.
You kill the ball python!
You now have 2/3 mp.
A bat comes into view.
MP restored: 3 You hit the bat.
You kill the bat!
d - a scroll labelled TUINUOVUGU
e - a +1 pair of gloves A hobgoblin comes into view.
The hobgoblin shouts!
You hear a shout!
You start putting on your armour.
You continue putting on your +1 pair of gloves. x4
You finish putting on your +1 pair of gloves.
The sting hits the hobgoblin.
The hobgoblin is poisoned.
You now have 2/3 mp.
You hit the hobgoblin.
You kill the hobgoblin!
A bat comes into view.
The bat moves out of view.
MP restored: 3 A bat is nearby!
A bat is nearby!
The sting hits the bat but does no damage.
The bat is poisoned.
The bat closely misses you.
You now have 2/3 mp.
You barely miss the bat.
You kill the bat!
You open the door.
A hobgoblin comes into view.
MP restored: 3 A rat comes into view.
Found a hand axe.
Found a faded altar of an unknown god.
The hobgoblin shouts!
There is an open door here.
The sting hits the hobgoblin.
The hobgoblin is poisoned.
You now have 2/3 mp.
You hit the hobgoblin.
You kill the hobgoblin!
The rat bites you.
A quokka comes into view.
You have reached level 2!
You regained 5 hp, and now have 20/22 hp.
You closely miss the rat. The rat bites you but does no damage.
You hit the rat but do no damage. The rat bites you but does no damage.
You hit the rat. The rat bites you but does no damage.
You hit the rat.
You kill the rat!
The sting hits the quokka.
The quokka is poisoned.
You now have 2/5 mp.
You miss the quokka. The quokka closely misses you.
You barely miss the quokka.
The quokka bites you but does no damage.
The quokka barely misses you.
You barely miss the quokka.
You kill the quokka!
Health restored: 22 No target in view!
Unknown command.
Okay, then.

#.......#..#
#...#...#...##.P..
.#+#####..##
#...#...#...##'#P. #.......#
##'##...#...##.### #.#####.#
#..###..#...#...#.
#.....#.####....#'##...#...#.
#####.#...###......##'###'##.
#.........###...........###
#.........#######..........
#.........@†# ######.....
#.........#†...# ######
+.........#_...#
#.........#.)...#
#.....†...#...#..#
#.........#...# .#
............#...# .
........#####...# ........#


There were no monsters in sight!

Vanquished Creatures
  2 bats (D:1)
  2 hobgoblins (D:1)
  A quokka (D:1)
  2 ball pythons (D:1)
  A kobold (D:1)
  A rat (D:1)
9 creatures vanquished.

Notes
Turn   | Place    | Note
-------+----------+-------------------------------------------
     0 | D:1      | OTABOTABOTAB the Naga Venom Mage began the quest for the
                  | Orb.
     0 | D:1      | Reached XP level 1. HP: 15/15 MP: 3/3
   478 | D:1      | Found a faded altar of an unknown god.
   481 | D:1      | Reached XP level 2. HP: 20/22 MP: 3/5
   489 | D:1      | Quit the game

Illustrated notes

Levels and vault maps discovered:
D:1:      dpeg_arrival_water_fire, layout_basic, basic_ecumenical_altar

Action                     || total
---------------------------++-------
  Melee: Unarmed           ||    10
         Whip              ||    11
         Punch             ||     1
   Cast: Sting             ||     8
 Armour: Robe              ||     7
  Dodge: Dodged            ||     6

Levels and vault maps discovered:
D:1:      dpeg_arrival_water_fire, layout_basic, basic_ecumenical_altar

Table legend: (Time is in decaauts)
 A = Elapsed time spent in this place.
 B = Non-inter-level travel time spent in this place.
 C = Inter-level travel time spent in this place.
 D = Time resting spent in this place.
 E = Time spent auto-exploring this place.
 F = Levels seen in this place.
 G = Mean time per level.
                   A        B        C        D        E       F      G
               +--------+--------+--------+--------+--------+-----+--------+
         Total |    639 |    590 |     49 |      0 |    509 |   1 |  639.0 |
       Dungeon |    639 |    590 |     49 |      0 |    509 |   1 |  639.0 |
               +--------+--------+--------+--------+--------+-----+--------+

Top non-repeatable levels by time:
     D:1: 639 daAuts

Table legend:
 A = Kills in this place as a percentage of kills in the entire game.
 B = Kills by you in this place as a percentage of kills by you in the entire game.
 C = Kills by friends in this place as a percentage of kills by friends in the entire game.
 D = Other kills in this place as a percentage of other kills in the entire game.
 E = Experience gained in this place as a percentage of experience gained in the entire game.
 F = Experience gained in this place divided by the number of levels of this place that you have seen.
                   A       B       C       D       E      F
               +-------+-------+-------+-------+-------+----------------------
         Total | 100.0 | 100.0 |   N/A |   N/A | 100.0 |  14.0
       Dungeon | 100.0 | 100.0 |   N/A |   N/A | 100.0 |  14.0
               +-------+-------+-------+-------+-------+----------------------
